 Dungeon Crawl Stone Soup version 0.31-a0-702-gf82c85558f (webtiles) character file.

Game seed: 9208685683012450945

121 qw the Shooter (level 5, 0/32 HPs)
             Began as a Gargoyle Hunter on Sept 7, 2023.
             Killed from afar by an orc wizard (1 damage)
             ... with a magic dart
             ... on level 3 of the Dungeon.
             The game lasted 00:00:41 (1536 turns).

qw the Shooter (Gargoyle Hunter)                    Turns: 1536, Time: 00:00:42

Health: 0/32       AC:  7    Str: 14    XL:     5   Next: 5%
Magic:  5/5        EV: 11    Int: 10    God:
Gold:   139        SH:  0    Dex: 15    Spells: 4/4 levels left

rFire   . . .        Y - +0 shortbow
rCold   . . .        (shield currently unavailable)
rNeg    + . .        c - +0 leather armour
rPois   inf          (no helmet)
rElec   +            (no cloak)
rCorr   .            (no gloves)
SInv    .            (no boots)
Will    .....        (no amulet)
Stlth   +            (no ring)
HPRegen 0.25/turn    (no ring)
MPRegen 0.09/turn

%: no passive effects
@: confused
A: sickness immunity, AC +4, negative energy resistance 1, electricity
resistance, torment resistance 1, petrification resistance
a: no special abilities


You were on level 3 of the Dungeon.
You visited 1 branch of the dungeon, and saw 3 of its levels.

You collected 139 gold pieces.


Innate Abilities, Weirdness & Mutations

You are immune to sickness and miasma.
Your stone body is resilient. (AC +4)
You are immune to poison.
You resist negative energy. (rN+)
You are resistant to electric shocks. (rElec)
You are resistant to unholy torment.
You are immune to petrification.


   Skills:
 - Level 3.0 Fighting
 + Level 5.9 Ranged Weapons
 - Level 1.5 Dodging
 - Level 1.1 Stealth


You had 4 spell levels left.
You didn't know any spells.
Your spell library was empty.

Inventory:

Hand Weapons
 Y - a +0 shortbow (weapon)
Armour
 c - a +0 leather armour (worn)
Scrolls
 a - a scroll of teleportation
Potions
 d - a potion of lignification {unknown}
 g - a potion of enlightenment {unknown}

Dungeon Overview and Level Annotations

Branches:
Dungeon (3/15)

Altars:
The Shining One


Message History

The orc wizard barely misses you.
The orc wizard hits you but does no damage.
You feel less confused. The orc wizard closely misses you.
The orc wizard gestures at you while chanting.
The magic dart hits you. The orc barely misses you.
You shoot an arrow.
The arrow closely misses the orc wizard.
The orc wizard hits you but does no damage.
The orc wizard barely misses you. The orc hits you with a +0 mace.
You shoot an arrow.
The arrow hits the orc wizard but does no damage.
The orc wizard is severely wounded.
The orc wizard hits you but does no damage.
The orc wizard points at you and mumbles some strange words.
You are confused.
The orc hits you with a +0 mace. The orc wizard barely misses you.
The orc wizard points at you and mumbles some strange words.
The puff of flame misses you. The orc hits you with a +0 mace.
The orc wizard closely misses you.
The orc wizard hits you with a +0 dagger.
The orc completely misses you. The orc wizard misses you.
The orc wizard closely misses you. The orc closely misses you.
The orc wizard gestures at you while chanting.
You resist with some effort.
The orc wizard hits you with a +0 dagger.
The orc hits you but does no damage.
The orc wizard gestures at you while chanting.
You are more confused.
The orc wizard barely misses you. The orc hits you with a +0 mace.
The orc wizard gestures wildly while chanting.
The orc wizard flickers and vanishes!
Deactivating autopickup; reactivate with Ctrl-A.
The orc wizard barely misses you. The orc hits you with a +0 mace.
Something hits you.
The orc wizard gestures at you while chanting.
The magic dart hits you.
You die...

...# ##..# ..... #..#
...#......
#..####..#......
#......)).o.._....
#..####..# ...#
#..(.....# ....#
#....o...# (..
#o{#.###.####.####
#o@#.###..........
#.<#..............
######.##.###.....o....
#......##%###....##..#.
#...........#..........
#.....#................
#.....###.###.#..##..#.
#...... .........# ....
........ #.#####..# .#.


You could see an orc wizard and an orc.

Vanquished Creatures
  An orc wizard (D:3)
  4 gnolls (D:2)
  An adder (D:2)
  A worm (D:3)
  4 orcs
  5 endoplasms (D:1)
  4 giant cockroaches
  3 goblins (D:1)
  3 hobgoblins (D:1)
  5 ball pythons
  4 bats (D:1)
  4 frilled lizards
  4 kobolds
  A rat (D:1)
44 creatures vanquished.

Notes
Turn   | Place    | Note
-------+----------+-------------------------------------------
     0 | D:1      | qw the Gargoyle Hunter began the quest for the Orb.
     0 | D:1      | Reached XP level 1. HP: 12/12 MP: 1/1
     0 | D:1      | 0 ||| qw: Version: 0.3-a-76-g4403597
     0 | D:1      | 0 ||| qw: Game counter: 756
     0 | D:1      | 0 ||| qw: Melee chars always use a shield: true
     0 | D:1      | 0 ||| qw: God list: Okawaru
     0 | D:1      | 0 ||| qw: Allow faded altars: false
     0 | D:1      | 0 ||| qw: Do Orc after clearing Dungeon:15 true
     0 | D:1      | 0 ||| qw: Do second Lair branch before Depths: true
     0 | D:1      | 0 ||| qw: Lair rune preference: random
     0 | D:1      | 0 ||| qw: Goals: Normal
     0 | D:1      | 0 ||| PLANNING D:1-11
   123 | D:1      | Reached XP level 2. HP: 17/17 MP: 2/2
   144 | D:1      | Found a faded altar of an unknown god.
   301 | D:1      | Reached XP level 3. HP: 21/21 MP: 3/3
   436 | D:1      | 436 ||| READING scroll labelled LURAAN SIATZ.
   437 | D:1      | 437 ||| READING scroll labelled QUMIUP PUTUJEIJE.
   438 | D:1      | 438 ||| DROPPING scroll of butterflies.
   486 | D:2      | Reached skill level 5 in Ranged Weapons
   703 | D:2      | 703 ||| RETREATING.
   705 | D:2      | 705 ||| RETREATING.
   707 | D:2      | 707 ||| Stepping ~*~*~tactically~*~*~ (retreating).
   717 | D:2      | Reached skill level 3 in Fighting
   720 | D:2      | Reached XP level 4. HP: 12/28 MP: 4/4
   824 | D:2      | Identified the +7 mace "Vuecet" {antimagic, Str+2}
  1289 | D:2      | 1289 ||| READING scroll labelled ZIROGA WIOD.
  1290 | D:2      | 1290 ||| READING scroll labelled SEULAYC ROMUBE.
  1399 | D:3      | Found a glowing golden altar of the Shining One.
  1426 | D:3      | Reached XP level 5. HP: 16/32 MP: 5/5
  1454 | D:3      | 1454 ||| FLEEEEING.
  1455 | D:3      | 1455 ||| FLEEEEING.
  1456 | D:3      | 1456 ||| FLEEEEING.
  1457 | D:3      | 1457 ||| FLEEEEING.
  1458 | D:3      | 1458 ||| FLEEEEING.
  1459 | D:3      | 1459 ||| FLEEEEING.
  1460 | D:3      | 1460 ||| FLEEEEING.
  1462 | D:3      | 1462 ||| STAIRDANCE
  1488 | D:2      | 1488 ||| READING scroll labelled TEWINOFYUS.
  1496 | D:3      | 1496 ||| STAIRDANCE
  1533 | D:3      | HP: 7/32 [orc wizard/+0 dagger (2)]
  1535 | D:3      | HP: 2/32 [orc/+0 mace (3)]
  1536 | D:3      | Killed from afar by an orc wizard

Levels and vault maps discovered:
D:1:      orjb1_clovarrival, layout_rooms, ebering_ecumenical_altar_abandoned
D:2:      layout_loops_corners
D:3:      layout_basic, old_standard_altar, serial_shops,
          nicolae_shop_tiny_waterfront, uniq_crazy_yiuf_cottage, uniq_robin

Skill      XL: |  1  2  3 |
---------------+----------+-----
Ranged Weapons | 5 |  5.9
Fighting       | 3 |  3.0
Dodging        | |  1.5
Stealth        | |  1.1

Action                     |  1- 3 |  4- 6 || total
---------------------------+-------+-------++-------
   Fire: Shortbow          |    82 |    82 ||   164
    Use: Scroll            |     2 |     3 ||     5
 Armour: Leather armour    |    18 |    59 ||    77
  Dodge: Dodged            |    22 |    34 ||    56

Table legend:
 A = Non-vault XP
 B = Vault XP
 C = Vault XP percentage of total XP
 D = Non-vault monster count
 E = Vault monster count
 F = Vault count percentage of total count
                 A         B        C        D         E       F
            +---------+---------+-------+---------+---------+-------
      Total |     173 |       0 |   0.0 |      44 |       0 |   0.0
            +---------+---------+-------+---------+---------+-------
        D:1 |      38 |       0 |   0.0 |      23 |       0 |   0.0
        D:2 |      86 |       0 |   0.0 |      16 |       0 |   0.0
        D:3 |      49 |       0 |   0.0 |       5 |       0 |   0.0
            +---------+---------+-------+---------+---------+-------
